 Dungeon Crawl Stone Soup version 0.29-a0-617-g7a6b98fccd (webtiles) character file.

Game seed: 17294086912020323715

615 shoop the Zephyrmancer (level 8, -1/59 HPs)
             Began as a Meteoran Air Elementalist on June 18, 2022.
             Was an Initiate of Sif Muna.
             Slain by a gnoll
             ... wielding a +0 spear
              (3 damage)
             ... on level 5 of the Dungeon.
             The game lasted 00:10:23 (1074 turns).

shoop the Zephyrmancer (Meteoran Air Elementalist)  Turns: 1074, Time: 00:10:23

Health: -1/59      AC:  3    Str:  9    XL:     8   Next: 3%
Magic:  9/13       EV: 13    Int: 19    God:    Sif Muna [......]
Gold:   162        SH:  0    Dex: 15    Spells: 5/13 levels left

rFire   + . .      SeeInvis .   g - +4 dagger of Mourning {vorpal, rF+ Will+}
rCold   . . .      Faith    .   (no shield)
rNeg    . . .      Spirit   .   a - +0 robe
rPois   .          Reflect  .   (no helmet)
rElec   .          Harm     .   (no cloak)
rCorr   .          Rampage  .   (no gloves)
Will    ++...                   s - +0 pair of boots
Stlth   +.........              (no amulet)
HPRegen 0.19/turn               (no ring)
MPRegen 0.13/turn               (no ring)

@: glowing
A: sense surroundings 1, otherworldly, glowing, explore regen
a: Renounce Religion


You were on level 5 of the Dungeon.
You worshipped Sif Muna.
Sif Muna was noncommittal.
You visited 2 branches of the dungeon, and saw 6 of its levels.

You collected 162 gold pieces.

Inventory:

Hand Weapons
 e - a +0 short sword
 g - the +4 dagger of Mourning (weapon) {vorpal, rF+ Will+}
   (You found it on level 2 of the Dungeon)

   It inflicts extra damage upon your enemies.
   rF:        It protects you from fire.
   Will:      It increases your willpower.
Missiles
 l - 5 javelins
Armour
 a - a +0 robe (worn)
 s - a +0 pair of boots (worn)
Scrolls
 c - 2 scrolls of teleportation {unknown}
 f - 4 scrolls of identify {unknown}
 h - a scroll of silence {unknown}
 i - a scroll of immolation {unknown}
 k - 2 scrolls of magic mapping {unknown}
 m - a scroll of enchant armour {unknown}
 o - a scroll of poison {unknown}
 r - a scroll of blinking {unknown}
 u - a scroll of noise {unknown}
Potions
 b - a potion of magic
 d - a potion of attraction {unknown}
 j - a potion of flight {unknown}
 n - a potion of heal wounds {unknown}
 p - a potion of ambrosia {unknown}
 q - a potion of mutation {unknown}
 t - 2 potions of lignification {unknown}


   Skills:
 + Level 1.4 Fighting
 - Level 3.0 Dodging
 - Level 1.4 Stealth
 - Level 3.0 Spellcasting
 - Level 2.0 Conjurations
 * Level 9.5 Air Magic


You had 5 spell levels left.
You knew the following spells:

 Your Spells              Type           Power      Damage    Failure   Level
a - Shock                 Conj/Air       96%        1d9       1%          1
b - Swiftness             Air            38%        N/A       1%          3
c - Airstrike             Air            19%        N/A       3%          4

Your spell library contained the following spells:

 Spells                   Type           Power      Damage    Failure   Level
 Static Discharge         Conj/Air       24%        N/A       2%          2


Dungeon Overview and Level Annotations

Branches:
Dungeon (5/15) Zot: 1970   Temple (1/1) D:5 Zot: 539

Altars:
Dithmenos
Fedhas
Hepliaklqana
Kikubaaqudgha
Sif Muna
Zin
The Shining One

Annotations:
D:5 1 transporter


Innate Abilities, Weirdness & Mutations

You passively map a small area around you.
You are easily found by Zot.
You glow in the dark.
You regain HP and MP as you explore.


Message History

There is an open translucent door here.
You see here a throwing net.
Casting: Airstrike (dangerous; 3% risk of failure)
Confirm with . or Enter, or press ? or * to list all spells.
Aiming: Airstrike (dangerous; 3% risk of failure)
Press: ? - help, Dir - move target, f - gnoll
Aim: a gnoll, wielding a +0 whip and quivering a throwing net (empty space bonus: 5/8)
The air twists around and strikes the gnoll!
You kill the gnoll!
Sif Muna accepts your kill.
The gnoll hits you from afar with a +0 spear.
Unknown command.
Casting: Airstrike (dangerous; 3% risk of failure)
Confirm with . or Enter, or press ? or * to list all spells.
Aiming: Shock (safe; 1% risk of failure)
Press: ? - help, Shift-Dir - straight line, f - gnoll
Aim: a gnoll, wielding a +0 spear (77% to hit)
The zap hits the plant.
The plant begins to die.
The plant is lightly damaged.
The zap hits the gnoll but does no damage.
The gnoll hits you from afar with a +0 spear.
You struggle against the net.
The gnoll hits you from afar with a +0 spear.
You struggle against the net.
The gnoll hits you with a +0 whip.
The gnoll hits you from afar with a +0 spear.
The gnoll sergeant closely misses you.
A gnoll sergeant comes into view. It is wielding a +2 spear of flaming.
You struggle against the net.
The gnoll completely misses you.
The gnoll hits you from afar with a +0 spear.
The gnoll sergeant hits you from afar with a +2 trident of electrocution!
* * * LOW HITPOINT WARNING * * *
You struggle against the net.
A nearby plant withers and dies.
The gnoll barely misses you.
The gnoll sergeant hits you from afar with a +2 trident of electrocution.
* * * LOW HITPOINT WARNING * * *
The gnoll barely misses you.
Unknown command.
You shred the net and break free! The gnoll barely misses you.
The gnoll hits you from afar with a +0 spear.
You die...

* * . #.#..## ,
............## # ≈ ≈≈≈≈≈
≈≈≈≈≈≈..# ## ≈ ≈≈≈≈
≈≈≈≈≈≈..## #. , ## ... #
##≈≈.<.# ##. , ≈*.. ###
#..#≈≈...###.. ,
≈##.###.###.##≈≈.......#
≈#...........#≈≈........
≈###.##@##.###≈≈..)##.##
, ≈..#.#gg.#.#..≈≈.#....#
,
≈.##.'.gg'.##.≈≈.....###
≈.#..#Pg.#..#.≈≈.......#
,
≈.##.##.##.##.≈≈....##.#
≈..#.#..P#.#........##..
* ≈≈.©#.'.©.'.#©.....>.#
#.
≈≈..#.#8⌠8#g#..[.....####
≈≈.##.#####.##.≈≈........


You could see 2 gnoll sergeants, a gnoll shaman and 2 gnolls.

Vanquished Creatures
  An ice beast (D:3)
  A black bear (D:4)
  An ogre (D:4)
  A necrophage (D:5)
  A scorpion (D:4)
  A hound (D:3)
  A jelly (D:4)
  Terence (D:3)
  2 iguanas (D:5)
  A gnoll (D:5)
  4 adders
  An ufetubus (D:4)
  A worm (D:4)
  2 dart slugs (D:3)
  3 orcs (D:3)
  2 endoplasms (D:4)
  2 giant cockroaches
  2 goblins
  A hobgoblin (D:3)
  3 quokkas
  A ball python (D:1)
  4 bats
  8 kobolds
  A rat (D:2)
46 creatures vanquished.

Vanquished Creatures (others)
  3 fungi (D:3)
  31 plants
34 creatures vanquished.

Grand Total: 80 creatures vanquished

Notes
Turn   | Place    | Note
-------+----------+-------------------------------------------
     0 | D:1      | shoop the Meteoran Air Elementalist began the quest for the
                  | Orb.
     0 | D:1      | Reached XP level 1. HP: 14/14 MP: 5/5
   108 | D:1      | Reached XP level 2. HP: 20/20 MP: 3/6
   194 | D:2      | Identified the +4 dagger of Mourning {vorpal, rF+ Will+}
   275 | D:2      | You fall into a shaft and drop 2 floors!
   275 | D:4      | Found a glowing golden altar of the Shining One.
   281 | D:4      | Became a worshipper of the Shining One
   293 | D:4      | Reached skill level 4 in Air Magic
   311 | D:4      | Reached XP level 3. HP: 21/26 MP: 2/8
   315 | D:4      | Learned a level 3 spell: Swiftness
   334 | D:4      | Noticed a black bear
   347 | D:4      | Killed a black bear
   348 | D:4      | Reached skill level 5 in Air Magic
   348 | D:4      | Reached XP level 4. HP: 19/33 MP: 1/9
   348 | D:4      | Reached XP level 5. HP: 22/38 MP: 1/10
   386 | D:4      | Reached skill level 6 in Air Magic
   432 | D:3      | Noticed an ice beast
   444 | D:3      | Killed an ice beast
   445 | D:3      | Reached skill level 7 in Air Magic
   445 | D:3      | Reached XP level 6. HP: 21/45 MP: 0/11
   450 | D:3      | Learned a level 4 spell: Airstrike
   456 | D:3      | Found a blossoming altar of Fedhas.
   461 | D:3      | Noticed Terence
   487 | D:3      | Killed Terence
   640 | D:4      | Noticed an ogre
   662 | D:3      | Reached skill level 8 in Air Magic
   662 | D:3      | Reached XP level 7. HP: 8/50 MP: 0/12
   753 | D:4      | Reached skill level 9 in Air Magic
   789 | D:5      | Entered Level 5 of the Dungeon
   789 | D:5      | Identified the +6 spear of Qiygohyt {pain, rCorr}
   792 | D:5      | Found a transporter.
   806 | D:5      | Found a transporter.
   876 | D:5      | Found a shadowy altar of Dithmenos.
   890 | D:5      | Reached skill level 1 in Fighting
   925 | D:5      | Found a staircase to the Ecumenical Temple.
   932 | Temple   | Entered the Ecumenical Temple
   969 | Temple   | Fell from the grace of the Shining One
   969 | Temple   | Became a worshipper of Sif Muna the Loreminder
  1041 | D:5      | Reached XP level 8. HP: 59/59 MP: 8/13
  1073 | D:5      | HP: 2/59 [gnoll sergeant/+2 trident of electrocution (4)]
  1074 | D:5      | Slain by a gnoll

Illustrated notes

Levels and vault maps discovered:
D:1:      heliophobic_arrival_enchanted_forest, layout_basic,
          ebering_ecumenical_altar_sacrificial, dreamdust_wishing_well
D:2:      layout_loops_ring, basic_altar, nicolae_elevator_lobby_plus
D:3:      layout_basic, fedhas_altar_3, serial_glass, glass_columns_a,
          glass_columns_b, glass_columns_b, glass_columns_a, glass_columns_b,
          glass_columns_a, glass_columns_c, glass_columns_a,
          lemuel_another_geyser, uniq_terence
D:4:      layout_cave_pools, nicolae_tso_carved_into_rock, serial_rivers,
          chequers_serial_rivers_small_3, chequers_serial_rivers_room_b,
          chequers_serial_rivers_room_a, chequers_serial_rivers_large_a
D:5:      layout_rooms, grunt_dithmenos_smoke, minmay_temple_entry_slanted,
          serial_bayou, serial_bayou_lake_a, serial_bayou_pond_c,
          serial_bayou_shore_b, serial_bayou_pond_e, serial_bayou_lagoon_a,
          gammafunk_ghost_gnarly_gnolls
Temple:   minmay_temple_curvy_loop

Skill      XL: |  1  2  3  4  5  6  7 |
---------------+----------------------+-----
Air Magic      | 4 5 7 8 9 |  9.5
Spellcasting   | 3 |  3.0
Dodging        | 3 |  3.0
Conjurations   | 2 |  2.0
Fighting       | 1 |  1.4
Stealth        | |  1.4

Action                   |  1- 3 |  4- 6 |  7- 9 || total
-------------------------+-------+-------+-------++-------
Melee: Dagger            |     6 |     5 |    10 ||    21
 Cast: Shock             |    26 |    56 |    16 ||    98
       Airstrike         |       |     2 |     6 ||     8
Armor: Robe              |     4 |     6 |       ||    10
Dodge: Dodged            |    10 |    21 |    10 ||    41

Table legend: (Time is in decaauts)
 A = Elapsed time spent in this place.
 B = Non-inter-level travel time spent in this place.
 C = Inter-level travel time spent in this place.
 D = Time resting spent in this place.
 E = Time spent auto-exploring this place.
 F = Levels seen in this place.
 G = Mean time per level.
                   A        B        C        D        E       F      G
               +--------+--------+--------+--------+--------+-----+--------+
         Total |   1089 |   1025 |     64 |      0 |      0 |   6 |  181.5 |
       Dungeon |   1029 |    965 |     64 |      0 |      0 |   5 |  205.8 |
        Temple |     60 |     60 |      0 |      0 |      0 |   1 |   60.0 |
               +--------+--------+--------+--------+--------+-----+--------+

Top non-repeatable levels by time:
     D:3: 266 daAuts
     D:4: 252 daAuts
     D:5: 234 daAuts
     D:1: 213 daAuts
     D:2: 62 daAuts
  Temple: 60 daAuts
